 Dungeon Crawl Stone Soup version 0.31-a0-325-g067879e3d3 (webtiles) character file.

Game seed: 2455972940213232022

419 AdnanSaban the Covered (level 6, -8/39 HPs)
             Began as a Gargoyle Fighter on July 18, 2023.
             Was an Initiate of Okawaru.
             Mangled by a black bear (10 damage)
             ... on level 5 of the Dungeon.
             The game lasted 00:05:15 (3859 turns).

AdnanSaban the Covered (Gargoyle Fighter)           Turns: 3859, Time: 00:05:16

Health: -8/39      AC: 12    Str: 22    XL:     6   Next: 93%
Magic:  6/6        EV:  9    Int:  8    God:    Okawaru [......]
Gold:   241        SH:  4    Dex:  9    Spells: 5/5 levels left

rFire   . . .        a - +0 flail
rCold   . . .        c - +0 buckler
rNeg    + . .        b - +0 scale mail
rPois   ∞            (no helmet)
rElec   +            (no cloak)
rCorr   .            (no gloves)
SInv    .            q - +0 pair of boots
Will    .....        (no amulet) Stlth
                     (no ring)
HPRegen 0.26/turn    (no ring)
MPRegen 0.10/turn

%: no passive effects
@: no status effects
A: sickness immunity, AC +4, negative energy resistance 1, electricity
resistance, torment resistance 1, petrification resistance
a: Renounce Religion


You were on level 5 of the Dungeon.
You worshipped Okawaru.
Okawaru was noncommittal.
You visited 1 branch of the dungeon, and saw 5 of its levels.

You collected 241 gold pieces.

Inventory:

Hand Weapons
 a - a +0 flail (weapon)
Armour
 b - a +0 scale mail (worn)
 c - a +0 buckler (worn)
 q - a +0 pair of boots (worn)
Jewellery
 r - a +6 ring of intelligence
Scrolls
 e - a scroll of amnesia {unknown}
 f - a scroll of summoning {unknown}
 g - 3 scrolls of enchant weapon {unknown}
 j - 3 scrolls of revelation {unknown}
 k - 5 scrolls of identify {unknown}
 m - a scroll of noise {unknown}
 n - a scroll of blinking {unknown}
 s - a scroll of teleportation {unknown}
 u - a scroll of torment {unknown}
Potions
 d - a potion of might
 h - a potion of heal wounds {unknown}
 i - a potion of haste {unknown}
 l - a potion of ambrosia {unknown}
 o - 2 potions of curing {unknown}
 p - a potion of invisibility {unknown}
 t - a potion of attraction {unknown}


   Skills:
 + Level 4.6 Fighting
 + Level 4.9 Maces & Flails
 + Level 4.9 Armour
 + Level 4.3 Shields


You had 5 spell levels left.
You didn't know any spells.
Your spell library contained the following spells:

 Spells                   Type           Power      Damage    Failure   Level
 Apportation              Tloc           0%         N/A       78%         1
 Wereblood                Tmut           0%         N/A       89%         2
 Cause Fear               Hex            0%         N/A       100%        4
 Alistair's Intoxication  Tmut/Pois      0%         N/A       100%        5
 Fireball                 Conj/Fire      0%         3d3       100%        5
 Irradiate                Conj/Tmut      0%         3d11      100%        5
 Malign Gateway           Summ/Tloc      Unusable   N/A       N/A         7
 Summon Horrible Things   Summ           Unusable   N/A       N/A         8
 Dragon's Call            Summ           Unusable   N/A       N/A         9

Dungeon Overview and Level Annotations

Branches:
Dungeon (5/15)
 Temple: D:4-7

Altars:
Okawaru

Annotations:
D:2 1 runed translucent door, Crazy Yiuf
D:3 3 runed translucent doors, AdnanSaban's ghost, weakling GrFi


Innate Abilities, Weirdness & Mutations

You are immune to sickness and miasma.
Your stone body is resilient. (AC +4)
You are immune to poison.
You resist negative energy. (rN+)
You are resistant to electric shocks. (rElec)
You are resistant to unholy torment.
You are immune to petrification.


Message History

You barely miss the black bear.
The black bear is severely wounded.
The black bear bites you but does no damage.
The black bear claws you but does no damage.
The black bear barely misses you.
The black bear bites you but does no damage.
The black bear claws you but does no damage.
The black bear barely misses you.
You hit the black bear.
The black bear is severely wounded.
The black bear goes berserk!
You hit the black bear.
The black bear is almost dead.
The black bear bites you!
The black bear claws you but does no damage. x2
The black bear bites you but does no damage.
The black bear claws you but does no damage. x2
You closely miss the black bear.
The black bear is almost dead.
The black bear bites you! The black bear barely misses you.
The black bear closely misses you.
You hit the black bear.
The black bear is almost dead.
You block the black bear's attack. x2; The black bear barely misses you.
The black bear bites you but does no damage.
The black bear claws you but does no damage. x2
You hit the black bear.
The black bear is almost dead.
The black bear bites you!
* * * LOW HITPOINT WARNING * * *
The black bear claws you.
* * * LOW HITPOINT WARNING * * *
The black bear claws you.
* * * LOW HITPOINT WARNING * * *
You block the black bear's attack. The black bear barely misses you.
The black bear claws you but does no damage.
You closely miss the black bear.
The black bear is almost dead.
The black bear bites you!
You die...

.
##.
#..
#.#
#.#
#.#
#h#
#@#
#.##
#..#
##.#
#.#
#<#
#.#
#.#
#.#


You could see a black bear (berserk).

Vanquished Creatures
  A howler monkey (D:4)
  2 hounds (D:4)
  2 jellies
  An iguana (D:4)
  Natasha (thrice) (D:2)
  A gnoll (D:3)
  4 adders
  6 worms
  5 dart slugs
  4 orcs
  11 endoplasms
  3 giant cockroaches
  3 goblins
  8 hobgoblins
  7 jackals
  4 quokkas
  7 ball pythons
  4 bats (D:1)
  2 frilled lizards
  5 kobolds
  7 rats
90 creatures vanquished.

Notes
Turn   | Place    | Note
-------+----------+-------------------------------------------
     0 | D:1      | AdnanSaban the Gargoyle Fighter began the quest for the
                  | Orb.
     0 | D:1      | Reached XP level 1. HP: 14/14 MP: 1/1
   114 | D:1      | Reached XP level 2. HP: 19/19 MP: 2/2
   657 | D:1      | Reached XP level 3. HP: 22/24 MP: 3/3
  1091 | D:2      | Reached XP level 4. HP: 11/29 MP: 4/4
  1474 | D:2      | Noticed Natasha
  1493 | D:2      | Killed Natasha
  1533 | D:2      | Found a runed translucent door.
  1534 | D:2      | Noticed Crazy Yiuf
  1562 | D:2      | Noticed Natasha
  1571 | D:2      | Killed Natasha
  1572 | D:2      | Reached XP level 5. HP: 20/33 MP: 5/5
  1691 | D:2      | Noticed Natasha
  1702 | D:2      | Killed Natasha
  2002 | D:3      | Found a runed translucent gate.
  2002 | D:3      | Found a runed translucent gate.
  2004 | D:3      | Found a runed translucent gate.
  2006 | D:3      | Noticed AdnanSaban's ghost (weakling GrFi)
  2428 | D:3      | Reached XP level 6. HP: 30/38 MP: 6/6
  2792 | D:4      | Found an iron altar of Okawaru.
  2804 | D:4      | Became a worshipper of Warmaster Okawaru
  3770 | D:5      | Entered Level 5 of the Dungeon
  3845 | D:5      | Noticed a black bear
  3859 | D:5      | Mangled by a black bear

Illustrated notes

Levels and vault maps discovered:
D:1:      minmay_arrival_loop, layout_loops_ring, columned_hall_lemuel
D:2:      layout_rooms, minmay_misc_feat_iff, mrwooster_statue_mirror,
          grunt_decor_cap, due_unseen_surprise, uniq_crazy_yiuf_cottage,
          uniq_natasha
D:3:      minmay_chambers_of_twos, layout_basic, gammafunk_ghost_necromancy
D:4:      minmay_door_path, layout_basic, okawaru_metal_pillars_1_2,
          lemuel_flame_loot_1
D:5:      layout_loops_cross, minmay_temple_entry_enclosed_plants, uniq_edmund,
          uniq_pikel, uniq_duvessa

Skill      XL: |  1  2  3  4  5  6 |
---------------+-------------------+-----
Maces & Flails | 3 4 |  4.9
Armour         | 4 |  4.9
Fighting       | 4 |  4.6
Shields        | 4 |  4.3

Action                     |  1- 3 |  4- 6 || total
---------------------------+-------+-------++-------
  Melee: Flail             |   158 |   219 ||   377
 Armour: Scale mail        |   136 |   126 ||   262
  Dodge: Dodged            |   106 |   101 ||   207
  Block: Buckler           |    48 |    39 ||    87

Table legend: (Time is in decaauts)
 A = Elapsed time spent in this place.
 B = Non-inter-level travel time spent in this place.
 C = Inter-level travel time spent in this place.
 D = Time resting spent in this place.
 E = Time spent auto-exploring this place.
 F = Levels seen in this place.
 G = Mean time per level.
                   A        B        C        D        E       F      G
               +--------+--------+--------+--------+--------+-----+--------+
         Total |   3985 |   3774 |    211 |    272 |   2716 |   5 |  797.0 |
       Dungeon |   3985 |   3774 |    211 |    272 |   2716 |   5 |  797.0 |
               +--------+--------+--------+--------+--------+-----+--------+

Top non-repeatable levels by time:
     D:3: 1101 daAuts
     D:2: 1027 daAuts
     D:1: 903 daAuts
     D:4: 859 daAuts
     D:5: 92 daAuts
